 Dungeon Crawl Stone Soup version 0.16-a0-4020-g6ff35b5 (console) character file.

15 mudo the Insei (level 2, -3/20 HPs)
             Began as a Vampire Transmuter on Feb 17, 2015.
             Slain by a kobold
             ... wielding a +0 whip
              (4 damage)
             ... on level 1 of the Dungeon.
             The game lasted 00:05:59 (466 turns).

mudo the Insei (Vampire Transmuter)                  Turns: 466, Time: 00:05:59

Health: -3/20      AC:  2    Str:  9    XL:     2   Next: 34%
Magic:  3/4        EV: 12    Int: 15    God:
Gold:   50         SH:  0    Dex: 14    Spells: 1 memorised, 4 levels left

rFire  . . .     SeeInvis +       - Unarmed
rCold  . . .     Clarity  .     c - +0 robe
rNeg   . . .     SustAb   .     (no shield)
rPois  .         Gourm    .     (helmet restricted)
rElec  .         Spirit   .     (no cloak)
rCorr  .         Warding  .     (no gloves)
rMut   .         Stasis   .     (no boots)
MR     .....                    (no amulet)
Stlth  +.........               (no ring)
                                (no ring)

@: appendage (expiring), regenerating quickly, not resistant to hostile
enchantments, very unstealthy
A: bottle blood, fangs 3, horns 2, see invisible, unbreathing
a: End Transformation


You were on level 1 of the Dungeon.
You were very full.
You had grown temporary horns.
You visited 1 branch of the dungeon, and saw 1 of its levels.

You collected 50 gold pieces.


   Skills:
 - Level 0.8 Fighting
 - Level 2.1 Dodging
 + Level 4.1 Unarmed Combat
 - Level 2.0 Spellcasting
 - Level 2.1 Transmutations


You had 4 spell levels left.
You knew the following spells:

 Your Spells              Type           Power        Failure   Level  Hunger
a - Beastly Appendage     Trmt           #.....       12%         1    #......


Dungeon Overview and Level Annotations

Branches:
Dungeon (1/15)

Altars:


Innate Abilities, Weirdness & Mutations

Your natural rate of healing is unusually fast.
You can bottle blood from corpses.
You have razor-sharp teeth.
You have supernaturally acute eyesight.
You can survive without breathing.
You have a pair of horns on your head.

Inventory:

Hand weapons
 h - a +1 mace of protection
 i - a +0 hunting sling
Missiles
 b - 34 arrows
 j - 17 stones (quivered)
Armour
 c - a +0 robe (worn)
Scrolls
 e - a scroll of amnesia {unknown}
 f - 2 scrolls of identify {unknown}
 g - 3 scrolls of teleportation {unknown}
Potions
 a - a potion of blood {@*1}
 k - a potion of magic {unknown}
Books
 d - a book of Changes

   Spells                             Type                      Level
   a - Beastly Appendage              Transmutation                1
   b - Sticks to Snakes               Transmutation                2
   c - Spider Form                    Transmutation/Poison         3
   d - Ice Form                       Ice/Transmutation            4
   e - Blade Hands                    Transmutation                5


Message History

The jackal is severely wounded.
The jackal bites you.
The jackal bites you but does no damage.
You hit the jackal.
You kill the jackal!
You closely miss the kobold. The kobold hits you with a whip.
You hit the kobold but do no damage. The kobold hits you with a whip.
* * * LOW HITPOINT WARNING * * *
You miss the kobold. The kobold closely misses you.
Here: a kobold, wielding a whip A jackal corpse.
The floor, spattered with blood.
Casting: Beastly Appendage You grow a pair of large bovine horns.
The kobold misses you.
You hit the kobold but do no damage. The kobold hits you with a whip.
* * * LOW HITPOINT WARNING * * *
Your transformation is almost over.
You barely miss the kobold. You bite the kobold, but do no damage.
The kobold hits you with a whip.
You die...

#.# #.#.## ####
####.#.... ###...
...#.#.#.
#....##.#.#....
#.......K......
#.....#.#.#.... #
#(....#...#.# #
+.....#####V# #
#.....%...K.# #
#.....####### #
+.....#....#
######.....#....#
.....#.#+#.#....#
####.#.#.#.#....#
.......#.#'#....#
.###.#..........#


You could see a kobold.

Action                   || total
-------------------------++-------
Melee: Unarmed           ||    76
 Cast: Beastly Appendage ||     1
  Eat: Corpse            ||     5

Vault maps used:
D:1:      ldierk_walled_garden_2, minivault_19

Vanquished Creatures
  3 bats (D:1)
  3 goblins (D:1)
  2 hobgoblins (D:1)
  2 jackals (D:1)
  3 rats (D:1)
  2 toadstools (D:1)
15 creatures vanquished.

Vanquished Creatures (others)
  2 toadstools (D:1)
2 creatures vanquished.

Grand Total: 17 creatures vanquished

Table legend:
 A = Kills in this place as a percentage of kills in entire the game.
 B = Kills by you in this place as a percentage of kills by you in the entire game.
 C = Kills by friends in this place as a percentage of kills by friends in the entire game.
 D = Other kills in this place as a percentage of other kills in the entire game.
 E = Experience gained in this place as a percentage of experience gained in the entire game.
 F = Experience gained in this place divided by the number of levels of this place that you have seen.
                   A       B       C       D       E      F
               +-------+-------+-------+-------+-------+----------------------
         Total | 100.0 | 100.0 |  -nan |  -nan | 100.0 |  22.0
       Dungeon | 100.0 | 100.0 |  -nan |  -nan | 100.0 |  22.0
               +-------+-------+-------+-------+-------+----------------------

Table legend:
 A = Turns spent in this place as a percentage of turns spent in the entire game.
 B = Non-inter-level travel turns spent in this place as a percentage of non-inter-level travel turns spent in the entire game.
 C = Inter-level travel turns spent in this place as a percentage of turns spent in this place.
 D = Turns resting spent in this place as a percentage of non-inter-level travel turns spent in this place.
 E = Turns spent auto-exploring this place as a percentage of non-inter-level travel turns spent in this place.
 F = Non-inter-level travel turns spent in this place divided by the number of levels of this place that you've seen.
                   A       B       C       D       E      F
               +-------+-------+-------+-------+-------+----------------------
         Total | 100.0 | 100.0 |   0.0 |   1.1 |   4.6 | 373.0
       Dungeon | 100.0 | 100.0 |   0.0 |   1.1 |   4.6 | 373.0
               +-------+-------+-------+-------+-------+----------------------

Notes
Turn   | Place    | Note
--------------------------------------------------------------
     0 | D:1      | mudo, the Vampire Transmuter, began the quest for the Orb.
     0 | D:1      | Reached XP level 1. HP: 14/14 MP: 3/3
   276 | D:1      | Reached skill level 4 in Unarmed Combat
   276 | D:1      | Reached XP level 2. HP: 7/20 MP: 4/4
   458 | D:1      | HP: 3/20 [kobold/whip (6)]
   463 | D:1      | HP: 1/20 [kobold/whip (3)]
   466 | D:1      | Slain by a kobold
